 Dungeon Crawl Stone Soup version 0.29-a0-231-g945431f764 (webtiles) character file.

Game seed: 16825044900276907629

7 yarnyawn the Firebug (level 2, -1/22 HPs)
             Began as a Naga Fire Elementalist on Feb 28, 2022.
             Slain by a jackal (2 damage)
             ... on level 1 of the Dungeon.
             The game lasted 00:05:03 (690 turns).

yarnyawn the Firebug (Naga Fire Elementalist)        Turns: 690, Time: 00:05:03

Health: -1/22      AC:  1    Str: 10    XL:     2   Next: 0%
Magic:  5/5        EV:  9    Int: 15    God:
Gold:   9          SH:  0    Dex: 11    Spells: 4/5 levels left

rFire   . . .      SeeInvis +   c - +0 spear
rCold   . . .      Faith    .   (no shield)
rNeg    . . .      Spirit   .   a - +0 robe
rPois   +          Reflect  .   (no helmet)
rElec   .          Harm     .   (no cloak)
rCorr   .          Rampage  .   (no gloves)
Will    .....                   (no barding)
Stlth   ++........              (no amulet)
HPRegen 0.07/turn               (no ring)
MPRegen 0.09/turn               (no ring)

@: very slow
A: AC +0, large, see invisible, deformed body, poison resistance, slowness 2,
spit poison 1, naga tail 1
a: Spit Poison


You were on level 1 of the Dungeon.
You visited 1 branch of the dungeon, and saw 1 of its levels.

You collected 9 gold pieces.

Inventory:

Hand Weapons
 b - a +0 dagger
 c - a +0 spear (weapon)
Armour
 a - a +0 robe (worn)
 d - an orb of mayhem
Potions
 e - a potion of brilliance {unknown}
 f - a potion of flight {unknown}


   Skills:
 + Level 1.5 Dodging
 + Level 3.0 Stealth
 + Level 2.1 Spellcasting
 + Level 1.0 Conjurations
 + Level 3.4 Fire Magic


You had 4 spell levels left.
You knew the following spells:

 Your Spells              Type           Power      Damage    Failure   Level
a - Foxfire               Conj/Fire      32%        2x1d5     9%          1

Your spell library contained the following spells:

 Spells                   Type           Power      Damage    Failure   Level
 Scorch                   Fire           22%        2d6       9%          2
 Conjure Flame            Conj/Fire      8%         6-21      26%         3
 Inner Flame              Hex/Fire       6%         N/A       32%         3
 Flame Wave               Conj/Fire      8%         2d5       65%         4


Dungeon Overview and Level Annotations

Branches:
Dungeon (1/15)

Altars:


Innate Abilities, Weirdness & Mutations

Your serpentine skin is tough. (AC +0)
You have supernaturally acute eyesight. (SInv)
Armour fits poorly on your strangely shaped body.
Your system is resistant to poisons. (rPois)
You cover ground very slowly.
You can spit poison.
You have a snake-like lower body.


Message History

The jackal is almost dead.
The bat barely misses you. The jackal bites you. x2
You closely miss the jackal.
The jackal is almost dead.
The bat hits you. The jackal bites you. The bat closely misses you.
The jackal closely misses you.
A rat comes into view.
The bat hits you but does no damage. x2; The jackal barely misses you.
The jackal pauses to sniff the ground.
You closely miss the jackal.
The jackal is almost dead.
The jackal barks! x2
The bat closely misses you. The jackal barely misses you. x2
The jackal bites you. The jackal barely misses you.
You hit the jackal.
You kill the jackal!
The bat misses you. The jackal misses you.
You have reached level 2!
You closely miss the jackal. The bat barely misses you.
The jackal closely misses you. The jackal bites you.
You hit the jackal.
The jackal is almost dead.
The bat barely misses you. The jackal completely misses you.
The bat barely misses you.
The jackal bites you but does no damage.
The jackal barely misses you. The jackal bites you.
* * * LOW HITPOINT WARNING * * *
You hit the jackal.
The jackal is almost dead.
The bat closely misses you. The jackal bites you.
* * * LOW HITPOINT WARNING * * *
The jackal barely misses you. The jackal bites you.
* * * LOW HITPOINT WARNING * * *
The jackal bites you but does no damage.
The jackal misses you.
You hit the jackal but do no damage. The bat barely misses you.
The bat hits you but does no damage. The jackal bites you.
* * * LOW HITPOINT WARNING * * *
The jackal barely misses you. The jackal bites you.
You die...

#.... .............
#.### r........... ♣.♣ #
###.............#♣♣.♣♣#
#......................
##.........#####.#♣♣†♣♣#
............##...# ♣.♣ #
............##...###.###
......b@....#.........##
......hhh...............
........................
.......!................
......................##
...###...!.......#....#
... #............#.....#
## #.....#......#.....#
.......#......#.....#


You could see 3 jackals, a bat and a rat (asleep).

Vanquished Creatures
  A giant cockroach (D:1)
  A hobgoblin (D:1)
  A jackal (D:1)
  A frilled lizard (D:1)
  A kobold (D:1)
  2 rats (D:1)
  3 toadstools (D:1)
10 creatures vanquished.

Vanquished Creatures (others)
  5 foxfires (D:1)
  4 toadstools (D:1)
9 creatures vanquished.

Grand Total: 19 creatures vanquished

Notes
Turn   | Place    | Note
-------+----------+-------------------------------------------
     0 | D:1      | yarnyawn the Naga Fire Elementalist began the quest for the
                  | Orb.
     0 | D:1      | Reached XP level 1. HP: 15/15 MP: 3/3
   686 | D:1      | Reached XP level 2. HP: 11/22 MP: 5/5
   690 | D:1      | HP: 1/22 [jackal (1)]
   690 | D:1      | Slain by a jackal

Illustrated notes

Levels and vault maps discovered:
D:1:      nagdon_arrival_double_spiral, layout_basic,
          shapermc_ecumenical_altar_totnotflames, minmay_tree_intersection

Action                   || total
-------------------------++-------
Melee: Spear             ||    21
       Unarmed           ||    13
 Cast: Foxfire           ||     4
Armor: Robe              ||     5
Dodge: Dodged            ||    31

Table legend: (Time is in decaauts)
 A = Elapsed time spent in this place.
 B = Non-inter-level travel time spent in this place.
 C = Inter-level travel time spent in this place.
 D = Time resting spent in this place.
 E = Time spent auto-exploring this place.
 F = Levels seen in this place.
 G = Mean time per level.
                   A        B        C        D        E       F      G
               +--------+--------+--------+--------+--------+-----+--------+
         Total |    835 |    835 |      0 |    200 |    265 |   1 |  835.0 |
       Dungeon |    835 |    835 |      0 |    200 |    265 |   1 |  835.0 |
               +--------+--------+--------+--------+--------+-----+--------+

Top non-repeatable levels by time:
     D:1: 835 daAuts
